Description

Harstems colo opener

VOD

https://www.youtube.com/watch?v=yihnviIhT9g&list=PLbVNzAA7sXzCRQlb9UMKYnEasQNu6PIxF&index=7

Replay - Harstem Colossus Opener

Build Order

Get SALT Encoding   

  12  0:01  Probe  
  13  0:13  Probe  
  14  0:17  Pylon  
  14  0:25  Probe (Chrono Boost)  
  15  0:37  Probe (Chrono Boost), Gateway  
  16  0:45  Probe (Chrono Boost)  
  16  0:46  Assimilator  
  17  0:51  Probe  
  18  1:03  Probe  
  19  1:15  Probe  
  20  1:22  Nexus  
  20  1:33  Cybernetics Core  
  20  1:34  Probe  
  21  1:41  Assimilator  
  21  1:46  Probe  
  22  1:50  Pylon  
  23  2:06  Adept (Chrono Boost)  
  23  2:13  Robotics Facility  
  26  2:21  Warp Gate  
  27  2:30  Stalker  
  35  3:00  Sentry, Observer  
  40  3:05  Gateway x2  
  40  3:18  Pylon  
  42  3:23  Observer  
  45  3:34  Assimilator x2  
  48  3:47  Observer  
  52  4:01  Pylon  
  52  4:04  Nexus  
  52  4:09  Robotics Bay  
  54  4:22  Stalker x3, Pylon  
  62  4:26  Observer  
  62  4:40  Forge  
  62  4:42  Twilight Council  
  66  4:54  Colossus (Chrono Boost)  
  74  5:09  Protoss Ground Weapons Level 1 (Chrono Boost)  
  74  5:12  Extended Thermal Lance  
  74  5:15  Blink (Chrono Boost), Gateway  
  77  5:25  Gateway  
  77  5:29  Shield Battery  
  77  5:34  Zealot  
  80  5:37  Colossus (Chrono Boost)  
  88  5:46  Stalker, Zealot  
  91  5:51  Gateway  
  93  6:02  Stalker x2  
  98  6:12  Stalker x2  
  98  6:18  Colossus (Chrono Boost)  
  108  6:27  Stalker  
  110  6:37  Zealot  
  122  7:01  Warp Prism (Chrono Boost)  
  125  7:02  Zealot x2, Assimilator x2  
  136  7:23  Zealot x3  
Spawning Tool Build Advisor. Get it on Overwolf

Go to:

Details

  • Created by: kappadar
  • Published on: Oct 01, 2020
  • Modified on: Oct 01, 2020
  • Patch: 4.11.0
  • Difficulty: Medium
Show
View Real Time Build Order
Export as new Build Order

Comments (0)

There are no comments. Be the first!

Create an account to comment!